MLB
LOS ANGELES DODGERS @ CINCINNATI REDS
03/25/2023
 
TOP OF THE 1ST
Los Angeles Dodgers batting - Pitching for Cincinnati Reds : RHP Jhony Brito
Pitching: RHP Jhony Brito
Batting: RHB Jon Berti 0-0: Ball
1-0: Foul Ball, location: 2F
1-1: Ball
2-1: Swinging Strike
2-2: Ball
3-2: Foul Ball, location: 5SF
3-2: Strikes out swinging
Batting: LHB Jazz Chisholm Jr. 0-0: Ball
1-0: Ball
2-0: Ball
3-0: Called Strike
3-1: Called Strike
3-2: Foul Ball, location: 7LSF
3-2: Ground out U3 (Groundball, 34S, EV 91.3 MPH)
Batting: LHB Ji-man Choi 0-0: Ball
1-0: Foul Ball, location: 3SF
1-1: Ground out 4-3 (Groundball, 34D, EV 95.0 MPH)
Top of the 1st over - 0 runs, 0 hits, 0 errors, 0 left on base; Los Angeles 0 - Cincinnati 0
BOTTOM OF THE 1ST
Cincinnati Reds batting - Pitching for Los Angeles Dodgers : LHP Reid Detmers
Pitching: LHP Reid Detmers
Batting: RHB Trea Turner 0-0: Called Strike
0-1: Called Strike
0-2: Ball
1-2: Ball
2-2: Strikes out swinging
Batting: RHB Kevin Newman 0-0: Foul Ball, location: 2F
0-1: Foul Ball, location: 2F
0-2: Foul Ball, location: 2F
0-2: Fly out, F7 (Line Drive, 7S, EV 105.0 MPH)
Batting: LHB Joey Gallo 0-0: Called Strike
0-1: Ball
1-1: Ball
2-1: Ball
3-1: Called Strike
3-2: Strikes out swinging
Bottom of the 1st over - 0 runs, 0 hits, 0 errors, 0 left on base; Los Angeles 0 - Cincinnati 0
TOP OF THE 2ND
Los Angeles Dodgers batting - Pitching for Cincinnati Reds : RHP Jhony Brito
Batting: RHB Andrew Vaughn 0-0: Called Strike
0-1: Foul Ball, location: 5F
0-2: Ball
1-2: Ball
2-2: Strikes out swinging
Batting: RHB Edward Olivares 0-0: Called Strike
0-1: SINGLE (Groundball, 4MD, EV 104.4 MPH)
Batting: SHB Eduardo Escobar 0-0: Swinging Strike
0-1: Called Strike
0-2: Ball
1-2: Fly out, F8 (Flyball, 8RXD, EV 96.9 MPH)
Batting: LHB Dominic Fletcher 0-0: Foul Ball, location: 2RF
0-1: Ball
1-1: Fielders Choice at 2nd, U6 (Groundball, 6M, EV 87.5 MPH)
Top of the 2nd over - 0 runs, 1 hit, 0 errors, 1 left on base; Los Angeles 0 - Cincinnati 0
BOTTOM OF THE 2ND
Cincinnati Reds batting - Pitching for Los Angeles Dodgers : LHP Reid Detmers
Batting: LHB Joc Pederson 0-0: Ball
1-0: Foul Ball, location: 3F
1-1: Fly out, F7 (Line Drive, 7, EV 85.0 MPH)
Batting: RHB David Villar 0-0: Ball
1-0: Called Strike
1-1: Ball
2-1: Foul Ball, location: 3SF
2-2: Fly out, F7 (Line Drive, 7D, EV 91.9 MPH)
Batting: RHB Wilmer Flores 0-0: SINGLE (Groundball, 4MD, EV 100.0 MPH)
Batting: RHB Gio Urshela 0-0: Ball
1-0: Called Strike
1-1: Ball
2-1: Called Strike
2-2: Foul Ball, location: 2F
2-2: Foul Ball, location: 2LF
2-2: Fly out, F8 (Flyball, 89S, EV 98.1 MPH)
Bottom of the 2nd over - 0 runs, 1 hit, 0 errors, 1 left on base; Los Angeles 0 - Cincinnati 0
TOP OF THE 3RD
Los Angeles Dodgers batting - Pitching for Cincinnati Reds : RHP Jhony Brito
Batting: LHB Franchy Cordero 0-0: Called Strike
0-1: Ball
1-1: Called Strike
1-2: Ball
2-2: Fly out, F8 (Line Drive, 8RM, EV 91.9 MPH)
Batting: RHB Tom Murphy 0-0: Swinging Strike
0-1: Swinging Strike
0-2: Strikes out swinging
Batting: RHB Jon Berti 0-0: Ball
1-0: Ball
2-0: Foul Ball, location: 2F
2-1: Foul Ball, location: 2RF
2-2: Foul Ball, location: 2F
2-2: SINGLE (Groundball, 34D, EV 96.3 MPH)
Batting: LHB Jazz Chisholm Jr. 0-0: Called Strike
0-1: SINGLE (Line Drive, 6MD, EV 98.8 MPH)
Jon Berti to second
Runner from 2nd tries for 3rd, SAFE, throw by CF made to third
Batting: LHB Ji-man Choi 0-0: Ball
1-0: Foul Ball, location: 2F
1-1: Called Strike
1-2: Ball
2-2: Strikes out swinging
Top of the 3rd over - 0 runs, 2 hits, 0 errors, 2 left on base; Los Angeles 0 - Cincinnati 0
BOTTOM OF THE 3RD
Cincinnati Reds batting - Pitching for Los Angeles Dodgers : LHP Reid Detmers
Batting: LHB Enmanuel Valdez 0-0: Called Strike
0-1: Ball
1-1: Ball
2-1: Ball
3-1: Ground out 4-3 (Groundball, 4, EV 99.4 MPH)
Batting: RHB Tomas Nido 0-0: Called Strike
0-1: Fly out, F7 (Flyball, 78S, EV 91.9 MPH)
Batting: RHB Trea Turner 0-0: Foul Ball, location: 2F
0-1: Ball
1-1: Ball
2-1: Ground out 3-1 (Groundball, 34, EV 77.5 MPH)
Bottom of the 3rd over - 0 runs, 0 hits, 0 errors, 0 left on base; Los Angeles 0 - Cincinnati 0
TOP OF THE 4TH
Los Angeles Dodgers batting - Pitching for Cincinnati Reds : RHP Jhony Brito
Batting: RHB Andrew Vaughn 0-0: Foul Ball, location: 2F
0-1: Swinging Strike
0-2: Foul Ball, location: 23F
0-2: Strikes out swinging
Batting: RHB Edward Olivares 0-0: Ball
1-0: Fly out, F9 (Flyball, 9, EV 75.6 MPH)
Batting: SHB Eduardo Escobar 0-0: Called Strike
0-1: Ball
1-1: Ball
2-1: DOUBLE (Groundball, 3L, EV 103.8 MPH)
Batting: LHB Dominic Fletcher 0-0: Ball
1-0: Swinging Strike
1-1: Ball
2-1: Ball
3-1: Foul Ball, location: 2F
3-2: Strikes out swinging
Top of the 4th over - 0 runs, 1 hit, 0 errors, 1 left on base; Los Angeles 0 - Cincinnati 0
BOTTOM OF THE 4TH
Cincinnati Reds batting - Pitching for Los Angeles Dodgers : LHP Reid Detmers
Batting: RHB Kevin Newman 0-0: Fly out, F4 (Line Drive, 4, EV 63.8 MPH)
Batting: LHB Joey Gallo 0-0: Foul Ball, location: 2F
0-1: Ball
1-1: Ball
2-1: Called Strike
2-2: Ground out 3-1 (Groundball, 34S, EV 83.1 MPH)
Batting: LHB Joc Pederson 0-0: Called Strike
0-1: Swinging Strike
0-2: Ball
1-2: Ball
2-2: Foul Ball, location: 2F
2-2: Ball
3-2: Strikes out swinging
Bottom of the 4th over - 0 runs, 0 hits, 0 errors, 0 left on base; Los Angeles 0 - Cincinnati 0
TOP OF THE 5TH
Los Angeles Dodgers batting - Pitching for Cincinnati Reds : RHP Jhony Brito
Pitching: LHP Garrett Crochet
Now at 2B: Abdiel Layer
Now at SS: Cadyn Grenier
Now in CF: Victor Robles
Batting: LHB Franchy Cordero 0-0: Ball
1-0: Fly out, F9 (Flyball, 9D, EV 93.1 MPH)
Batting: RHB Tom Murphy 0-0: Foul Ball, location: 5F
0-1: Called Strike
0-2: Ball
1-2: Ball
2-2: Foul Ball, location: 3DF
2-2: Ball
3-2: Foul Ball, location: 9LDF
3-2: Base on Balls
Pinch Hitting: RHB Jonathan Schoop 0-0: Fielders Choice at 2nd, 4-6 (Groundball, 4, EV 85.0 MPH)
Batting: LHB Jazz Chisholm Jr. 0-0: Foul Ball, location: 2F
0-1: Foul Ball, location: 5SF
0-2: Foul Ball, location: 9LSF
0-2: Ball
1-2: Ball
2-2: Foul Ball, location: 5F
2-2: Strikes out swinging
Top of the 5th over - 0 runs, 0 hits, 0 errors, 1 left on base; Los Angeles 0 - Cincinnati 0
BOTTOM OF THE 5TH
Cincinnati Reds batting - Pitching for Los Angeles Dodgers : LHP Reid Detmers
Now at C: Manny Pina
Now at 2B: Jonathan Schoop
Now in LF: Edward Olivares
Now in CF: Will Benson
Now in RF: Sean Bouchard
Batting: RHB David Villar 0-0: Called Strike
0-1: Ball
1-1: Swinging Strike
1-2: Ball
2-2: Ground out 6-3 (Groundball, 6, EV 90.6 MPH)
Batting: RHB Wilmer Flores 0-0: Called Strike
0-1: Swinging Strike
0-2: Ball
1-2: Ball
2-2: Fly out, F9 (Line Drive, 9LS, EV 96.3 MPH)
Batting: RHB Gio Urshela 0-0: Called Strike
0-1: Ball
1-1: Ball
2-1: Ground out 5-3 (Groundball, 56, EV 88.1 MPH)
Bottom of the 5th over - 0 runs, 0 hits, 0 errors, 0 left on base; Los Angeles 0 - Cincinnati 0
TOP OF THE 6TH
Los Angeles Dodgers batting - Pitching for Cincinnati Reds : LHP Garrett Crochet
Pitching: RHP Max Kranick
Now in RF: Christian Franklin
Pinch Hitting: LHB Lewin Diaz 0-0: SINGLE (Groundball, 6MD, EV 100.6 MPH)
Batting: RHB Sean Bouchard 0-0: Called Strike
0-1: Grounds into double play, 4-6-3 (Groundball, 4, EV 95.6 MPH)
Pinch Hitting: LHB Jarren Duran 0-0: Fly out, F4 (Line Drive, 4M, EV 64.4 MPH)
Top of the 6th over - 0 runs, 1 hit, 0 errors, 0 left on base; Los Angeles 0 - Cincinnati 0
BOTTOM OF THE 6TH
Cincinnati Reds batting - Pitching for Los Angeles Dodgers : LHP Reid Detmers
Pitching: RHP Ryne Stanek
Now at 1B: Lewin Diaz
Now in LF: Jarren Duran
Batting: LHB Enmanuel Valdez 0-0: Fly out, F8 (Flyball, 8RS, EV 92.5 MPH)
Batting: RHB Tomas Nido 0-0: Ball
1-0: Ball
2-0: SINGLE (Groundball, 4MD, EV 96.9 MPH)
Batting: RHB Victor Robles 0-0: Foul Ball, location: 2F
0-1: Ball
1-1: Swinging Strike
1-2: Ball
2-2: Ball
3-2: Foul Ball, location: 7LMF
3-2: Foul Ball, location: 9LDF
3-2: Strikes out swinging
Batting: RHB Cadyn Grenier 0-0: Foul Ball, location: 2F
0-1: Ball
1-1: Foul Ball, location: 9LDF
1-2: Ball
2-2: Foul Ball, location: 2F
2-2: Foul Ball, location: 2F
2-2: Ball
3-2: Fly out, F7 (Flyball, 78M, EV 83.8 MPH)
Bottom of the 6th over - 0 runs, 1 hit, 0 errors, 1 left on base; Los Angeles 0 - Cincinnati 0
TOP OF THE 7TH
Los Angeles Dodgers batting - Pitching for Cincinnati Reds : RHP Max Kranick
Pitching: RHP Gerardo Carrillo
Now at 3B: Brett Harris
Now in LF: Nick Decker
Pinch Hitting: RHB Spencer Torkelson 0-0: Ball
1-0: Ball
2-0: Ball
3-0: Ground out 6-3 (Groundball, 6, EV 83.1 MPH)
Batting: LHB Kyle Manzardo 0-0: Called Strike
0-1: Hit by Pitch
Batting: RHB Manny Pina 0-0: Ball
1-0: Called Strike
1-1: Foul Ball, location: 5F
1-2: Ball
2-2: Foul Ball, location: 2F
2-2: Ball
3-2: Fly out, F9 (Flyball, 9, EV 85.0 MPH)
Batting: LHB Will Benson 0-0: Foul Ball, location: 7LDF
0-1: Ball
1-1: Swinging Strike
1-2: Ground out 4-3 (Groundball, 34D, EV 100.0 MPH)
Top of the 7th over - 0 runs, 0 hits, 0 errors, 1 left on base; Los Angeles 0 - Cincinnati 0
BOTTOM OF THE 7TH
Cincinnati Reds batting - Pitching for Los Angeles Dodgers : RHP Ryne Stanek
Pitching: RHP Jordan Holloway
Now at 3B: Spencer Torkelson
Now at SS: Omar Estevez
Batting: SHB Abdiel Layer 0-0: Foul Ball, location: 25F
0-1: Ball
1-1: Foul Ball, location: 2F
1-2: Foul Ball, location: 9LDF
1-2: SINGLE (Line Drive, 89S, EV 103.8 MPH)
Batting: RHB Christian Franklin 0-0: SINGLE (Line Drive, 8LS, EV 106.9 MPH)
Abdiel Layer to second
Pinch Hitting: RHB Korey Lee 0-0: Grounds into double play, 5-4-3 (Groundball, 56S, EV 81.9 MPH)
Abdiel Layer to third
Batting: LHB Trey Sweeney 0-0: Ball
1-0: Called Strike
1-1: Ball
2-1: Ground out 5-3 (Groundball, 56S, EV 84.4 MPH)
Bottom of the 7th over - 0 runs, 2 hits, 0 errors, 1 left on base; Los Angeles 0 - Cincinnati 0
TOP OF THE 8TH
Los Angeles Dodgers batting - Pitching for Cincinnati Reds : RHP Gerardo Carrillo
Pitching: RHP Jordany Ventura
Now at 1B: Korey Lee
Batting: RHB Jonathan Schoop 0-0: SINGLE (Flyball, 78S, EV 90.6 MPH)
Batting: RHB Omar Estevez 0-0: Called Strike
0-1: Bunted foul
0-2: Strikes out looking
Batting: LHB Lewin Diaz 0-0: Called Strike
0-1: Swinging Strike
0-2: Fly out, F8 (Flyball, 8RM, EV 88.8 MPH)
Pinch Hitting: LHB Michael Brantley 0-0: Called Strike
0-1: 2-RUN HOME RUN (Flyball, 9D, EV 95.6 MPH), Distance : 372 ft
Batting: LHB Jarren Duran 0-0: Called Strike
0-1: Swinging Strike
0-2: Ball
1-2: Strikes out swinging
Top of the 8th over - 2 runs, 2 hits, 0 errors, 0 left on base; Los Angeles 2 - Cincinnati 0
BOTTOM OF THE 8TH
Cincinnati Reds batting - Pitching for Los Angeles Dodgers : RHP Jordan Holloway
Pitching: RHP Johnny Cueto
Now in CF: Lorenzo Cedrola
Now in RF: Will Benson
Batting: RHB Brett Harris 0-0: Ball
1-0: Called Strike
1-1: Swinging Strike
1-2: Strikes out looking
Batting: LHB Nick Decker 0-0: Ball
1-0: Ground out 6-3 (Groundball, 6, EV 87.5 MPH)
Batting: RHB Tomas Nido 0-0: Fly out, F8 (Flyball, 8LM, EV 78.1 MPH)
Bottom of the 8th over - 0 runs, 0 hits, 0 errors, 0 left on base; Los Angeles 2 - Cincinnati 0
TOP OF THE 9TH
Los Angeles Dodgers batting - Pitching for Cincinnati Reds : RHP Jordany Ventura
Pitching: LHP Jacob Lopez
Batting: RHB Spencer Torkelson 0-0: Foul Ball, location: 9LSF
0-1: Called Strike
0-2: Ball
1-2: Ball
2-2: Foul Ball, location: 2F
2-2: Ball
3-2: Strikes out looking
Batting: LHB Kyle Manzardo 0-0: Called Strike
0-1: Foul Ball, location: 2F
0-2: Foul Ball, location: 2F
0-2: Ball
1-2: Strikes out swinging
Batting: RHB Manny Pina 0-0: Called Strike
0-1: Swinging Strike
0-2: Ball
1-2: Strikes out swinging
Top of the 9th over - 0 runs, 0 hits, 0 errors, 0 left on base; Los Angeles 2 - Cincinnati 0
BOTTOM OF THE 9TH
Cincinnati Reds batting - Pitching for Los Angeles Dodgers : RHP Johnny Cueto
Pitching: RHP Alex Faedo
Batting: RHB Victor Robles 0-0: Called Strike
0-1: Fly out, F7 (Flyball, 7D, EV 105.6 MPH)
Pinch Hitting: LHB Ryan O'Hearn 0-0: Ball
1-0: DOUBLE (Line Drive, 89M, EV 104.4 MPH)
Pinch Hitting: RHB C.J. Cron 0-0: Called Strike
0-1: Foul Ball, location: 9LMF
0-2: Fly out, F7 (Flyball, 7D, EV 84.4 MPH)
Runner from 2nd tags up, SAFE at 3rd, no throw by LF
Pinch Hitting: LHB Corey Rosier 0-0: Fly out, F8 (Flyball, 8RD, EV 91.9 MPH)
Bottom of the 9th over - 0 runs, 1 hit, 0 errors, 1 left on base; Los Angeles 2 - Cincinnati 0
Sunday, May 28th , 2023 - OOTP Baseball 24.4 Build 61